 Dungeon Crawl Stone Soup version 0.29.1-4-g47bece8355 (webtiles) character file.

Game seed: 3325847690220307982

10 iamoutofideas the Chopper (level 2, 25/25 HPs)
             Began as a Hill Orc Gladiator on Dec 8, 2022.
             Was a Follower of Beogh.
             Quit the game on level 1 of the Dungeon.
             The game lasted 00:00:37 (241 turns).

iamoutofideas the Chopper (Hill Orc Gladiator)       Turns: 241, Time: 00:00:37

Health: 25/25      AC:  4    Str: 16    XL:     2   Next: 20%
Magic:  2/2        EV: 12    Int:  8    God:    Beogh [*.....]
Gold:   12         SH:  0    Dex: 12    Spells: 1/1 levels left

rFire   . . .      SeeInvis .   a - +0 war axe
rCold   . . .      Faith    .   (no shield)
rNeg    . . .      Spirit   .   b - +0 leather armour
rPois   .          Reflect  .   c - +0 helmet
rElec   .          Harm     .   (no cloak)
rCorr   .          Rampage  .   (no gloves)
Will    .....                   (no boots)
Stlth   +.........              (no amulet)
HPRegen 0.08/turn               (no ring)
MPRegen 0.08/turn               (no ring)

@: no status effects
A: no striking features
a: Renounce Religion


You were on level 1 of the Dungeon.
You worshipped Beogh.
Beogh was aware of your devotion.
You visited 1 branch of the dungeon, and saw 1 of its levels.

You collected 12 gold pieces.

Inventory:

Hand Weapons
 a - a +0 war axe (weapon)
Missiles
 d - 3 throwing nets (quivered)
 e - a javelin
Armour
 b - a +0 leather armour (worn)
 c - a +0 helmet (worn)
Scrolls
 g - a scroll of identify {unknown}
Potions
 f - 2 potions of curing {unknown}


   Skills:
 - Level 2.4 Fighting
 + Level 4.9 Axes
 - Level 1.7 Throwing
 - Level 2.4 Dodging


You had one spell level left.
You didn't know any spells.
Your spell library contained the following spells:

 Spells                   Type           Power      Damage    Failure   Level
 Lightning Bolt           Conj/Air       0%         1d11      100%        5
 Summon Mana Viper        Hex/Summ       0%         N/A       100%        5
 Spellforged Servitor     Conj/Summ      0%         N/A       100%        7


Dungeon Overview and Level Annotations

Branches:
Dungeon (1/15)

Altars:
Beogh


Message History

You hit the goblin. You punch the goblin.
The goblin is severely wounded.
The goblin hits you with a +0 club.
You barely miss the goblin.
The goblin is severely wounded.
The goblin closely misses you.
You hit the goblin.
You kill the goblin!
No target in view!
There is a faded altar of an unknown god here.
You cannot tell which god this altar belongs to.
Convert to them anyway?
Okay, then.
Unknown command.
Press < or > to pray at altars.
You cannot tell which god this altar belongs to.
Convert to them anyway?
Beogh accepts your prayer! Beogh welcomes you!
Found a dagger.
g - a scroll labelled TAUXKOFOMAI No target in view!
You see here a +0 dagger.
A ball python comes into view.
The ball python hisses angrily.
A ball python is nearby!
You closely miss the ball python. The ball python misses you.
The ball python grabs you. The ball python constricts you.
You closely miss the ball python. The ball python closely misses you.
The ball python constricts you. The ball python barely misses you.
The ball python constricts you.
You hit the ball python.
You kill the ball python!
Beogh accepts your kill.
No target in view!
No target in view!
A giant cockroach comes into view.
A giant cockroach is nearby!
A giant cockroach is nearby!
Okay, then.
Unknown command.
Are you sure you want to abandon this character and quit the game? (Confirm with "yes".)

.... ###... #.#
#....# ###########
#.# #....#
#.......... #.#
#....# #.......... #
#.# #..B.#
#......<... ####.####
#....# #..........
........# #@#
#.......... ........#
#.# ######.>.##
........# #.# #...#
####.#### #.# #.8.# #
#.# #.# #...#
#.###########.# #.8.#
#
#...........†.#####.
#.#...# ##
######..)............
#.#.8.# .#
#....###...#####..
#.#...#


You could see a giant cockroach.

Vanquished Creatures
  A bat (D:1)
  An endoplasm (D:1)
  3 goblins (D:1)
  2 ball pythons (D:1)
  2 rats (D:1)
9 creatures vanquished.

Notes
Turn   | Place    | Note
-------+----------+-------------------------------------------
     0 | D:1      | iamoutofideas the Hill Orc Gladiator began the quest for
                  | the Orb.
     0 | D:1      | Reached XP level 1. HP: 18/18 MP: 1/1
   147 | D:1      | Found a faded altar of an unknown god.
   159 | D:1      | Got the Directory of the Storm and Generation
   167 | D:1      | Reached XP level 2. HP: 25/25 MP: 2/2
   191 | D:1      | Prayed at the altar of an unknown god.
   191 | D:1      | Became a worshipper of Beogh the Brigand
   191 | D:1      | Reached * piety under Beogh
   241 | D:1      | Quit the game

Illustrated notes

Levels and vault maps discovered:
D:1:      lemuel_arrival_hallway, layout_basic,
          ebering_ecumenical_altar_abandoned, minmay_curled_crystal

Action                   || total
-------------------------++-------
Melee: War axe           ||    20
       Punch             ||     1
Armor: Leather armour    ||     2
Dodge: Dodged            ||    14
